 Dungeon Crawl Stone Soup version 0.25-a0-302-g9f758675c1 (webtiles) character file.

Game seed: 11203940572015207101, levelgen mode: deterministic

66 mopl the Ruffian (level 3, -6/28 HPs)
             Began as a Minotaur Transmuter on Dec 20, 2019.
             Mangled by a gnoll
             ... wielding a +0 spear
              (9 damage)
             ... on level 1 of the Dungeon.
             The game lasted 00:02:54 (1013 turns).

mopl the Ruffian (Minotaur Transmuter)              Turns: 1013, Time: 00:02:55

Health: -6/28      AC:  2    Str: 14    XL:     3   Next: 96%
Magic:  5/5        EV: 12    Int: 11    God:
Gold:   58         SH:  0    Dex: 10    Spells: 0/6 levels left

rFire    . . .     SeeInvis .     - Unarmed
rCold    . . .     Gourm    .   (no shield)
rNeg     . . .     Faith    .   g - +0 robe
rPois    .         Spirit   .   (helmet restricted)
rElec    .         Reflect  .   (no cloak)
rCorr    .         Harm     .   (no gloves)
MR       .....                  (no boots)
Stlth    +.........             (no amulet)
HPRegen  0.09/turn              (no ring)
MPRegen  0.09/turn              (no ring)

@: no status effects
A: retaliatory headbutt, horns 2
a: no special abilities


You were on level 1 of the Dungeon.
You were hungry.

You visited 1 branch of the dungeon, and saw 2 of its levels.

You collected 58 gold pieces.

Inventory:

Hand Weapons
 b - a +0 hunting sling
Missiles
 a - 91 arrows
 i - 59 stones (quivered)
Armour
 g - a +0 robe (worn)
Scrolls
 c - a scroll of identify {unknown}
 f - a scroll of remove curse
 j - 2 scrolls of enchant armour {unknown}
 k - a scroll of enchant weapon {unknown}
Potions
 e - a potion of mutation {unknown}
 h - a potion of might {unknown}
Comestibles
 d - 3 rations
 l - 3 chunks of flesh


   Skills:
 - Level 1.2 Fighting
 - Level 2.1 Dodging
 + Level 3.9 Unarmed Combat
 * Level 2.2 Spellcasting
 + Level 2.2 Transmutations
 + Level 0.2 Poison Magic


You couldn't memorise any spells.
You knew the following spells:

 Your Spells              Type           Power        Failure   Level  Hunger
a - Beastly Appendage     Tmut           #.....       12%         1    ##.....
b - Spider Form           Tmut/Pois      #.........   45%         3    ####...
w - Sticks to Snakes      Tmut           #.......     17%         2    ###....

Your spell library contained the following spells:

 Spells                   Type           Power        Failure   Level  Hunger
 Ice Form                 Ice/Tmut       #.......     87%         4    #####..
 Blade Hands              Tmut           #.........   97%         5    ######.


Dungeon Overview and Level Annotations

Branches:
Dungeon (2/15)

Altars:
The Shining One


Innate Abilities, Weirdness & Mutations

You reflexively headbutt those who attack you in melee.
You have a pair of horns on your head.


Message History

The gnoll hits you with a +0 spear! The gnoll hits you.
You climb upwards.
There is a stone staircase leading down here.
Unknown command.
Unknown command.
Unknown command.
You hit the gnoll.
The gnoll is moderately wounded.
The gnoll hits you with a +0 spear!
* * * LOW HITPOINT WARNING * * *
The gnoll closely misses you.
You hit the gnoll. Your headbutt misses the gnoll.
The gnoll is severely wounded.
The gnoll hits you with a +0 spear.
* * * LOW HITPOINT WARNING * * *
The gnoll closely misses you.
You hit the gnoll.
The gnoll is almost dead.
The gnoll hits you with a +0 spear!
You die...

####...#
####......########
#..'..............
#.##....#.....##..
#.#######.###'##..
#.##### #.##†.....
#.#...# #.##...#..
#g#.#.# #.##...#.#
#@g.#.# #.##...#.#
###.#.# #...####'#
#.#.#####.).....
#.#.............
#...######......
#..## #####.#
#...##########..
#...............
###.############


You could see 2 gnolls.

Vanquished Creatures
  A gnoll (D:2)
  An adder (D:2)
  2 oozes
  2 worms (D:2)
  2 dart slugs
  A leopard gecko (D:1)
  3 bats (D:2)
  A giant cockroach (D:1)
  3 goblins
  2 hobgoblins (D:1)
  2 jackals (D:2)
  7 kobolds
  A rat (D:2)
28 creatures vanquished.

Notes
Turn   | Place    | Note
-------+----------+-------------------------------------------
     0 | D:1      | mopl the Minotaur Transmuter began the quest for the Orb.
     0 | D:1      | Reached XP level 1. HP: 16/16 MP: 1/1
    42 | D:1      | Reached XP level 2. HP: 11/23 MP: 0/3
    53 | D:1      | Learned a level 2 spell: Sticks to Snakes
   533 | D:1      | Reached skill level 2 in Transmutations
   705 | D:2      | Reached XP level 3. HP: 28/28 MP: 4/4
   802 | D:2      | Found a glowing golden altar of the Shining One.
   812 | D:2      | Reached skill level 2 in Spellcasting
   859 | D:2      | Learned a level 3 spell: Spider Form
  1013 | D:1      | Mangled by a gnoll

Levels and vault maps discovered:
D:1:      minmay_arrival_hallway, layout_basic, minmay_misc_feat_encased
D:2:      layout_loops_ring, grunt_gozag_statues, tso_metal_star,
          uniq_crazy_yiuf_cottage

Skill      XL: |  1  2  3 |
---------------+----------+-----
Transmutations | 2 |  2.2
Spellcasting   | 2 |  2.2
Fighting       | |  1.2
Dodging        | |  2.1
Unarmed Combat | |  3.9
Poison Magic   | |  0.2

Action                   || total
-------------------------++-------
Melee: Unarmed           ||    36
       Headbutt          ||     5
       Kick              ||     3
 Fire: Hunting sling     ||    44
 Cast: Beastly Appendage ||     9
  Use: Scroll            ||     1
Armor: Robe              ||     5
Dodge: Dodged            ||    28

Table legend:
 A = Non-vault XP
 B = Vault XP
 C = Vault XP percentage of total XP
 D = Non-vault monster count
 E = Vault monster count
 F = Vault count percentage of total count
                 A         B        C        D         E       F
            +---------+---------+-------+---------+---------+-------
      Total |      95 |       0 |   0.0 |      28 |       0 |   0.0
            +---------+---------+-------+---------+---------+-------
        D:1 |      30 |       0 |   0.0 |      12 |       0 |   0.0
        D:2 |      65 |       0 |   0.0 |      16 |       0 |   0.0
            +---------+---------+-------+---------+---------+-------
